 Dungeon Crawl Stone Soup version 0.20.1-1-g8b1a95d (webtiles) character file.

371 polve the Changer (level 6, 0/105 HPs)
             Began as a Draconian Transmuter on Aug 8, 2017.
             Slain by a crimson imp
             ... wielding a +3 dagger of chaos
              (3 damage)
             ... on level 3 of the Dungeon.
             The game lasted 00:05:16 (4057 turns).

polve the Changer (Draconian Transmuter)            Turns: 4057, Time: 00:05:16

Health: 0/105      AC: 23    Str: 17    XL:     6   Next: 42%
Magic:  8/9        EV:  2    Int: 16    God:
Gold:   188        SH:  0    Dex: 11    Spells: 3/9 levels left

rFire    . . .     SeeInvis .     - Unarmed
rCold    . . .     Gourm    .   (no shield)
rNeg     + + +     Faith    .   (armour unavailable)
rPois    +         Spirit   .   (helmet currently unavailable)
rElec    .         Reflect  .   (cloak currently unavailable)
rCorr    .         Harm     .   (gloves currently unavailable)
MR       .....     NoTele   +   (boots currently unavailable)
Stlth    ..........             (no amulet)
Regen    0.3/turn               (no ring)
MPRegen  0.2/turn               (no ring)

@: berserking, lethally poisoned (0 -> -1), tree-form, very slightly
contaminated, hasted, invisible, very quick
A: unfitting armour, AC +6
a: no special abilities


You were on level 3 of the Dungeon.
You were hungry.
You were a tree.
You visited 1 branch of the dungeon, and saw 4 of its levels.

You collected 188 gold pieces.

Inventory:

Missiles
 a - 50 arrows
Armour
 h - a +0 pair of gloves (melded)
Jewellery
 s - an uncursed amulet of the gourmand {unknown}
Scrolls
 d - a scroll of noise {unknown}
 e - 2 scrolls of recharging {unknown}
 f - a scroll of blinking {unknown}
 g - 2 scrolls of teleportation {unknown}
 m - 8 scrolls of identify {unknown}
 o - a scroll of amnesia {unknown}
 p - a scroll of enchant armour {unknown}
Potions
 i - a potion of lignification
 j - 2 potions of haste
 t - a potion of brilliance {unknown}
Books
 b - a book of Changes

   Spells                             Type                      Level
   a - Beastly Appendage              Transmutation                1
   b - Sticks to Snakes               Transmutation                2
   c - Spider Form                    Transmutation/Poison         3
   d - Ice Form                       Ice/Transmutation            4
   e - Blade Hands                    Transmutation                5
Comestibles
 c - 2 bread rations
 k - a royal jelly
 l - 3 meat rations
 q - 7 fruits
 r - a chunk of flesh


   Skills:
 - Level 1.1 Fighting
 - Level 1.7 Dodging
 - Level 2.0 Stealth
 - Level 3.0 Unarmed Combat
 - Level 2.0 Spellcasting
 + Level 6.5 Transmutations


You had 3 spell levels left.
You knew the following spells:

 Your Spells              Type           Power        Failure   Level  Hunger
a - Beastly Appendage     Tmut           ###...       1%          1    #......
b - Sticks to Snakes      Tmut           ###.....     2%          2    ###....
c - Spider Form           Tmut/Pois      ##........   16%         3    ###....


Dungeon Overview and Level Annotations

Branches:
Dungeon (4/15)
 Temple: D:4-7

Altars:
Nemelex Xobeh
Qazlal
Xom


Innate Abilities, Weirdness & Mutations

((Your plain brown scales are hard. (AC +6)))
You cannot fit into any form of body armour.
((You are cold-blooded and may be slowed by cold attacks.))


Message History

The crimson imp is heavily wounded.
You closely miss the crimson imp.
The crimson imp is heavily wounded.
The crimson imp completely misses you.
You closely miss the crimson imp.
The crimson imp is heavily wounded.
You feel sick.
You closely miss the crimson imp.
The crimson imp is heavily wounded.
The crimson imp hits you but does no damage.
You fade into invisibility!
You are very lightly contaminated with residual magic.
The crimson imp shouts, "Admit defeat, thou skyhacking tardy-gaited lout!"
You barely miss the crimson imp.
The crimson imp is moderately wounded.
The crimson imp hits you but does no damage.
You hit the crimson imp.
The crimson imp is severely wounded.
The crimson imp hits you with a dagger of chaos.
You die...

#.#.#.#####........##....#######.
.#.#.#...#..........####....#....
#.#.#+^..#.....#....#....)%.#.###
.#.#.#...#.....#....#....>..#....
#.#......#.....#.####......######
.#.#.....#.....#5###......## #..
#+#......#####............#####.#
.......### #..................#
....######## #..♣..........######
...........###.5...........#
.....................##....#
.....................##....#
....##...............##....#
....##........####...##....#
....#####.....# #...####### #####
#.....# #...# #.....# #...#


You could see 2 crimson imps.

Vanquished Creatures
  Sigmund (D:3)
  A crimson imp (D:3)
  An orc priest (D:4)
  A worker ant (D:4)
  Terence (D:1)
  A hound skeleton (D:3)
  2 adders
  3 oozes
  5 worms
  2 dart slugs (D:1)
  6 leopard geckos
  2 orcs (D:3)
  8 bats
  4 giant cockroaches
  8 hobgoblins
  4 jackals
  A ball python (D:3)
  5 frilled lizards
  6 goblins
  10 kobolds
  5 rats
  A fungus (D:1)
78 creatures vanquished.

Notes
Turn   | Place    | Note
-------+----------+-------------------------------------------
     0 | D:1      | polve the Draconian Transmuter began the quest for the Orb.
     0 | D:1      | Reached XP level 1. HP: 16/16 MP: 3/3
   187 | D:1      | Reached XP level 2. HP: 3/23 MP: 3/5
   486 | D:1      | Learned a level 2 spell: Sticks to Snakes
   540 | D:1      | Reached skill level 3 in Transmutations
  1023 | D:1      | Reached XP level 3. HP: 28/28 MP: 6/6
  1028 | D:1      | Learned a level 3 spell: Spider Form
  1250 | D:1      | Reached skill level 1 in Stealth
  2087 | D:2      | Noticed Terence
  2152 | D:1      | Killed Terence
  2152 | D:1      | Reached XP level 4. HP: 11/35 MP: 1/7
  2379 | D:2      | Reached skill level 4 in Transmutations
  2512 | D:2      | Found a sparkling altar of Nemelex Xobeh.
  2660 | D:2      | Found a stormy altar of Qazlal.
  2848 | D:3      | Noticed Sigmund
  2869 | D:3      | Killed Sigmund
  2869 | D:3      | Reached skill level 5 in Transmutations
  2869 | D:3      | Reached XP level 5. HP: 32/40 MP: 3/8
  3042 | D:3      | Found a faded altar of an unknown god.
  3433 | D:3      | Reached XP level 6. HP: 47/47 MP: 9/9
  3579 | D:3      | Found a shimmering altar of Xom.
  3719 | D:4      | Reached skill level 6 in Transmutations
  4042 | D:3      | HP: 2/47 [poisoned by a crimson imp]
  4047 | D:3      | HP: 3/105 [poisoned by a crimson imp]
  4054 | D:3      | HP: 2/105 [poisoned by a crimson imp]
  4057 | D:3      | Slain by a crimson imp

Skill      XL: |  1  2  3  4  5  6 |
---------------+-------------------+-----
Transmutations | 3 5 6 |  6.5
Stealth        | 2 |  2.0
Fighting       | |  1.1
Dodging        | |  1.7
Unarmed Combat | |  3.0
Spellcasting   | |  2.0

Action                   |  1- 3 |  4- 6 || total
-------------------------+-------+-------++-------
Melee: Unarmed           |   176 |   178 ||   354
       Kick              |    14 |    16 ||    30
       Tailslap          |    17 |    22 ||    39
       Punch             |     3 |     3 ||     6
       Headbutt          |     5 |     5 ||    10
 Cast: Beastly Appendage |    18 |    15 ||    33
       Sticks to Snakes  |     2 |     2 ||     4
       Spider Form       |       |     2 ||     2
  Use: Scroll            |     1 |       ||     1
       Potion            |       |     3 ||     3
 Stab: Sleeping          |     4 |       ||     4
  Eat: Chunk             |     4 |     7 ||    11
Armor: Skin              |    49 |    51 ||   100
Dodge: Dodged            |   108 |   111 ||   219
